 Dungeon Crawl Stone Soup version 0.19-a0-994-g3c636f0 (webtiles) character file.

115 4thArraOfDagon the Caller (level 4, -3/33 HPs)
             Began as a Demigod Summoner on July 16, 2016.
             Killed by divine providence
             ... invoked by an orc priest
              (14 damage)
             ... on level 4 of the Dungeon.
             The game lasted 00:10:43 (1965 turns).

4thArraOfDagon the Caller (Demigod Summoner)        Turns: 1965, Time: 00:10:44

Health: -3/33      AC:  3    Str: 11    XL:     4   Next: 41%
Magic:  9/11       EV: 12    Int: 21    God:
Gold:   95         SH:  0    Dex: 16    Spells: 3 memorised, 0 levels left

rFire  x . .     SeeInvis .     h - -2 spear
rCold  + . .     Gourm    .     a - +0 robe
rNeg   . . .     Faith    .     (no shield)
rPois  .         Spirit   .     n - +0 helmet
rElec  .         Dismiss  .     (no cloak)
rCorr  .         Reflect  .     (no gloves)
SustAt +         Harm     .     (no boots)
MR     .....                    (no amulet)
Stlth  ++........               (no ring)
                                e - ring of ice

@: not resistant to hostile enchantments, unstealthy
A: high mp 1, sustain attributes
a: no special abilities


You were on level 4 of the Dungeon.
You were not hungry.

You visited 1 branch of the dungeon, and saw 5 of its levels.

You collected 95 gold pieces.

Inventory:

Hand Weapons
 h - a -2 spear (weapon)
Missiles
 j - a throwing net (quivered)
Armour
 a - a +0 robe (worn)
 n - a +0 helmet (worn)
Jewellery
 e - a ring of ice (left hand)
Wands
 i - a wand of random effects (22/48)
Scrolls
 p - 2 scrolls of remove curse
Potions
 d - a potion of cure mutation
 k - a potion of heal wounds {unknown}
 m - a potion of curing
 q - a potion of magic
Books
 b - a book of Callings

   Spells                             Type                      Level
   a - Summon Small Mammal            Summoning                    1
   b - Call Imp                       Summoning                    2
   c - Call Canine Familiar           Summoning                    3
   d - Summon Guardian Golem          Hexes/Summoning              3
   e - Summon Lightning Spire         Summoning/Air                4
   f - Summon Ice Beast               Ice/Summoning                4
 l - a Fen Folio

   Spells                             Type                      Level
   a - Corpse Rot                     Necromancy                   2
   b - Stone Arrow                    Conjuration/Earth            3
   c - Leda's Liquefaction            Hexes/Earth                  4
   d - Summon Forest                  Summoning/Translocation      5
   e - Hydra Form                     Transmutation                6
   f - Summon Hydra                   Summoning                    7
Comestibles
 c - a bread ration
 f - 2 meat rations


   Skills:
 - Level 1.7 Dodging
 - Level 1.7 Stealth
 + Level 2.9 Spellcasting
 * Level 4.8 Summonings


You couldn't memorise any spells.
You knew the following spells:

 Your Spells              Type           Power        Failure   Level  Hunger
a - Summon Small Mammal   Summ           ###.         1%          1    None
b - Call Canine Familiar  Summ           ###.....     6%          3    ###....
c - Summon Lightning Spi  Summ/Air       ##......     54%         4    ####...


Dungeon Overview and Level Annotations

Branches:
Dungeon (5/15)             Temple (0/1) D:4

Shops:
D:2 *

Annotations:
D:4 Eustachio; Grinder
D:5 4thArraOfDagon's ghost, amateur DgSu


Innate Abilities, Weirdness & Mutations

You have an increased reservoir of magic. (+10% MP)
Your attributes are resistant to harm.


Message History

You hit the orc but do no damage.
Your hound disappears in a puff of smoke!
The orc priest invokes the aid of Beogh against you.
Beogh smites you!
Unknown command.
Casting: Call Canine Familiar
Confirm with . or Enter, or press ? or * to list all spells.
The orc closely misses your hound. The orc misses your hound.
Your hound barely misses the orc.
Your hound bites the orc.
The orc barely misses your hound.
Your hound bites the orc.
The orc hits your hound but does no damage.
Your hound barely misses the orc.
Your hound barely misses the orc.
The orc barely misses your hound.
Your hound bites the orc.
The orc dies!
The orc closely misses your hound.
The orc priest mumbles some strange prayers to Beogh against you.
Beogh smites you!
You die... #.#..# #. . ###.#### #o#o ....#. ...# .......... #..# .......... #..# ####...... ..# ..##.o... ######o# ..# . oo.

#.h.ow.#
..# ..
#@######
####...
...#.#
.....
#.#.#######
.....
#.........#
#####
###[#####.#
###.....#.#
#.......#.#
#.#..<..#.#
#.#.###.#.#


You could see a worm, an orc priest, an orc and a friendly hound.

Vanquished Creatures
  A scorpion (D:3)
  An ooze (D:2)
  A worm (D:2)
  A dart slug (D:2)
  A giant cockroach (D:2)
  8 goblins
  2 hobgoblins
  2 bats
  A giant newt (D:3)
  4 kobolds
  5 rats
27 creatures vanquished.

Vanquished Creatures (collateral kills)
  Jessica (D:3)
  Robin (D:3)
  2 adders
  An adder skeleton (D:4)
  A dart slug (D:3)
  2 orcs (D:4)
  2 giant cockroaches
  5 hobgoblins
  5 jackals
  A kobold (D:3)
  A giant newt (D:2)
  9 goblins
  2 rats
  A butterfly (D:2)
34 creatures vanquished.

Grand Total: 61 creatures vanquished

Notes
Turn   | Place    | Note
-------+----------+-------------------------------------------
     0 | D:1      | 4thArraOfDagon the Demigod Summoner began the quest for the Orb.
     0 | D:1      | Reached XP level 1. HP: 14/14 MP: 5/5
    56 | D:1      | timbw: Dg so unfun
   110 | D:2      | Found Zin's Purification Station.
   111 | D:2      | timbw: Vs&Tr only fun species
   115 | D:2      | Found a glowing silver altar of Zin.
   151 | D:2      | Found a snail-covered altar of Cheibriados.
   252 | D:2      | Reached XP level 2. HP: 11/20 MP: 4/7
   281 | D:2      | lol
   288 | D:2      | Reached skill level 4 in Summonings
   295 | D:3      | Found a bloodstained altar of Trog.
   295 | D:3      | Noticed Jessica
   336 | D:2      | Found a shimmering altar of Xom.
   453 | D:3      | Found a shattered altar of Ashenzari.
   583 | D:3      | 4thArraOfDagon: lets play to first decent weapon
   583 | D:3      | 4thArraOfDagon: because im tired training random skills
   595 | D:3      | Reached XP level 3. HP: 13/26 MP: 9/9
   600 | D:3      | Learned a level 3 spell: Call Canine Familiar
   634 | D:3      | Noticed Robin
   653 | D:3      | Killed Robin
   751 | D:5      | Entered Level 5 of the Dungeon
   845 | D:3      | how
   896 | D:2      | You fall through a shaft!
   905 | D:3      | Killed Jessica
  1044 | D:4      | Noticed a water moccasin
  1052 | D:4      | Noticed Grinder
  1141 | D:4      | Found a staircase to the Ecumenical Temple.
  1358 | D:3      | Reached XP level 4. HP: 28/33 MP: 7/11
  1371 | D:3      | Learned a level 4 spell: Summon Lightning Spire
  1617 | D:5      | Noticed an ogre
  1617 | D:5      | Noticed 4thArraOfDagon's ghost (amateur DgSu)
  1777 | D:4      | Noticed Eustachio
  1965 | D:4      | Killed from afar by an orc priest

Vault maps used:
D:1:      roderic_crop_circles_arrival_small, dk_noncrumbling_4
D:2:      zin_purify, xom_butterflies, st_stairs_3, kennysheep_slug_shrine
D:3:      grunt_temple_overflow_open, uniq_jessica, uniq_robin
D:4:      lemuel_zombie_altar_yredelemnul, kb_xom_exploding_sheep, uniq_grinder,
          uniq_eustachio
D:5:      basic_altar, first_bread, serial_park_tiny_pond

Skill      XL: |  1  2 |
---------------+-------+-----
Spellcasting   | 2 |  2.9
Summonings     | 4 |  4.8
Dodging        | |  1.7
Stealth        | |  1.7

Action                   |  1- 3 |  4- 6 || total
-------------------------+-------+-------++-------
Melee: Spear             |   109 |    19 ||   128
 Cast: Summon Small Mamm |    36 |     3 ||    39
       Call Canine Famil |    12 |     7 ||    19
  Use: Scroll            |     4 |     2 ||     6
       Potion            |     1 |       ||     1
 Stab: Distracted        |     3 |       ||     3
       Sleeping          |     1 |       ||     1
  Eat: Chunk             |     2 |     1 ||     3
       Royal jelly       |       |     2 ||     2
Armor: Robe              |    11 |    14 ||    25
Dodge: Dodged            |    61 |    39 ||   100
